 Dungeon Crawl Stone Soup version 0.29.1-15-g9cfb28693d (webtiles) character file.

Game seed: 877712753885458224

3205 croobank the Covert (level 9, -3/62 HPs)
             Began as an Octopode Delver on Feb 25, 2023.
             Shot with an arrow by a centaur (12 damage)
             ... on level 8 of the Dungeon.
             The game lasted 00:40:32 (10553 turns).

croobank the Covert (Octopode Delver)              Turns: 10553, Time: 00:40:33

Health: -3/62      AC:  1    Str: 15    XL:     9   Next: 96%
Magic:  27/27      EV: 14    Int: 16    God:
Gold:   455        SH:  0    Dex: 10    Spells: 17/21 levels left

rFire   + . .      SeeInvis .   e - +9 hand axe "Glorpo" {vamp, rF+ Str+3 Dex-3}
rCold   . . .      Faith    .   (no shield)
rNeg    . . .      Spirit   .   (helmet restricted)
rPois   .          Reflect  .   (no amulet)
rElec   .          Harm     .   c - ring of magical power
rCorr   .          Rampage  .   (no ring)
Will    .....                   (no ring)
Stlth   +++++.....              (no ring)
HPRegen 0.20/turn               (no ring)
MPRegen 0.20/turn               (no ring)
                                (no ring)
                                (no ring)

@: no status effects
A: almost no armour, amphibious, 8 rings, camouflage 1, gelatinous body 1,
(nimble swimmer 1), tentacles
a: no special abilities


You were on level 8 of the Dungeon.
You visited 2 branches of the dungeon, and saw 10 of its levels.

You collected 455 gold pieces.

Inventory:

Hand Weapons
 a - a +0 hand axe
 e - the +9 hand axe "Glorpo" (weapon) {vamp, rF+ Str+3 Dex-3}
   (You found it on level 5 of the Dungeon)

   It occasionally heals its wielder for a portion of the damage dealt when it
   wounds a living foe.
   Str:       It affects your strength (+3).
   Dex:       It affects your dexterity (-3).
   rF:        It protects you from fire.
 g - a +0 quarterstaff
 o - a +1 flail of protection
 t - a +1 dagger of freezing
Missiles
 C - 9 poisoned darts
 G - a curare-tipped dart (quivered)
Magical Staves
 D - a staff of air
Jewellery
 c - a ring of magical power (left tentacle)
Wands
 f - a wand of digging (3)
 k - a wand of flame (8)
Scrolls
 b - a scroll of fog
 m - 3 scrolls of immolation {unknown}
 n - a scroll of summoning {unknown}
 s - a scroll of identify
 u - 2 scrolls of poison
 v - a scroll of enchant weapon {unknown}
 z - a scroll of silence {unknown}
 A - 2 scrolls of vulnerability
 B - a scroll of amnesia
Potions
 h - 2 potions of haste
 i - a potion of resistance
 j - 2 potions of attraction
 l - a potion of magic
 p - a potion of curing
 r - 2 potions of cancellation
 x - 2 potions of degeneration


   Skills:
 - Level 6.3 Fighting
 - Level 5.8 Axes
 - Level 5.9 Dodging
 - Level 10.3 Stealth
 - Level 6.5 Spellcasting
 + Level 0.7 Conjurations
 - Level 1.7 Translocations
 + Level 0.7 Air Magic
 + Level 1.0 Poison Magic


You had 17 spell levels left.
You knew the following spells:

 Your Spells              Type           Power      Damage    Failure   Level
a - Apportation           Tloc           20%        N/A       6%          1
b - Mephitic Cloud        Conj/Pois/Air  8%         N/A       26%         3

Your spell library contained the following spells:

 Spells                   Type           Power      Damage    Failure   Level
 Magic Dart               Conj           28%        1d4       10%         1
 Call Imp                 Summ           5%         N/A       21%         2
 Alistair's Intoxication  Tmut/Pois      4%         N/A       96%         5


Dungeon Overview and Level Annotations

Branches:
Dungeon (9/15)             Temple (1/1) D:5
   Lair: D:8-11         Orc: D:9-12

Altars:
Cheibriados
Dithmenos
Fedhas
Hepliaklqana
Makhleb
Nemelex Xobeh
Qazlal
Sif Muna
Uskayaw
Vehumet
Xom
Yredelemnul
Zin
The Shining One

Shops:
D:6 (   D:7 (

Annotations:
D:4 3 runed translucent doors, SirLogeyBear's ghost, amateur HOBe


Innate Abilities, Weirdness & Mutations

You cannot wear most types of armour.
You are amphibious.
You can wear up to eight rings at the same time.
Your skin changes colour to match your surroundings (Stealth+).
Your rubbery body absorbs attacks. (AC +1, EV +1)
((You are camouflaged when in or above water. (Stealth+)))
You have tentacles for arms and can constrict up to eight enemies at once.


Message History

You slash the bullfrog! You closely miss the centaur.
The killer bee misses you. The bullfrog closely misses you.
The centaur closely misses you. The centaur kicks you.
The killer bee stings you!
* * * LOW HITPOINT WARNING * * *
The bullfrog closely misses you. The centaur hits you.
* * * LOW HITPOINT WARNING * * *
The centaur misses you.
As you read the scroll of fear, it crumbles to dust.
You assume a fearsome visage.
The black bear looks frightened!
The centaur looks frightened!
The killer bee looks frightened!
The bullfrog looks frightened!
Cornered, the killer bee turns to fight!
Cornered, the centaur turns to fight!
The centaur wields a +0 shortbow.
The centaur shoots an arrow.
The arrow barely misses you.
You hear a loud, deep croak!
There is an open door here.
You close the door.
The centaur shoots an arrow.
The arrow barely misses you.
The centaur shoots an arrow.
The arrow barely misses you.
The centaur shoots an arrow.
The arrow hits you!
* * * LOW HITPOINT WARNING * * *
Okay, then.
As you read the scroll of butterflies, it crumbles to dust.
You hear the tinkle of a tiny bell.
You swap places.
Something hits your butterfly!
Your butterfly dies!
Your butterfly disappears in a burst of colours!
Okay, then.
You swap places.
Something closely misses your butterfly. x2
Something hits your butterfly.
Your butterfly dies!
Your butterfly disappears in a burst of colours!
The centaur barely misses your butterfly.
The centaur closely misses your butterfly.
The centaur wields a +0 shortbow.
The centaur shoots an arrow.
The arrow hits you!
You die...

#.............#
#.............#
#.............#
#.....b.......#
#.............#
#####...b.....#
#.........#
#.........#
#.....@...#
#c######### #.#
#b# ##b######
#####c.b.....#
##h.c..##..##.#
#####..#######.#
.................


You could see a centaur (ally target).

Vanquished Creatures
  Grinder (D:3)
  Sigmund (D:3)
  An acid dragon (D:8)
  2 water moccasins
  A black bear (D:4)
  An ice beast (D:8)
  2 orc warriors (D:7)
  2 ogres
  2 phantoms
  A kobold brigand (D:6)
  A bullfrog (D:8)
  A gnoll sergeant (D:7)
  3 scorpions
  3 necrophages
  A wight (D:8)
  3 killer bees
  2 electric eels (D:9)
  2 howler monkeys
  2 orc priests (D:6)
  A gnoll bouda (D:6)
  4 hounds
  2 jellies
  Natasha (thrice) (D:3)
  4 iguanas
  4 orc wizards
  18 gnolls
  6 adders
  A shadow imp (D:5)
  An ufetubus (D:5)
  A worm (D:2)
  2 dart slugs
  24 orcs
  5 ball pythons
  4 endoplasms
  A giant cockroach (D:4)
  5 goblins
  5 hobgoblins
  6 jackals
  A quokka (D:2)
  8 bats
  A frilled lizard (D:2)
  13 kobolds
  3 rats
155 creatures vanquished.

Vanquished Creatures (collateral kills)
  A killer bee (D:7)
  A gnoll (D:4)
2 creatures vanquished.

Vanquished Creatures (others)
  4 killer bees
  A gnoll (D:4)
5 creatures vanquished.

Grand Total: 162 creatures vanquished

Notes
Turn   | Place    | Note
-------+----------+-------------------------------------------
     0 | D:5      | croobank the Octopode Delver began the quest for the Orb.
     0 | D:5      | Reached XP level 1. HP: 16/16 MP: 1/1
     1 | D:6      | Noticed an orc priest
    23 | D:5      | Found a staircase to the Ecumenical Temple.
    55 | D:4      | Noticed a black bear
    76 | Temple   | Entered the Ecumenical Temple
   294 | D:3      | Found a stormy altar of Qazlal.
   514 | D:4      | Found a radiant altar of Vehumet.
   624 | D:4      | Reached XP level 2. HP: 20/21 MP: 2/2
   639 | D:4      | Found a runed translucent gate.
   639 | D:4      | Noticed a necrophage
   676 | D:3      | Noticed Natasha
   688 | D:3      | Killed Natasha
   689 | D:3      | Reached skill level 7 in Stealth
   689 | D:3      | Reached XP level 3. HP: 20/26 MP: 3/3
   878 | D:3      | Noticed Natasha
   983 | D:1      | Found a faded altar of an unknown god.
  1921 | D:2      | Reached XP level 4. HP: 31/31 MP: 4/4
  2788 | D:2      | Reached skill level 1 in Spellcasting
  2886 | D:3      | Killed Natasha
  2916 | D:3      | Reached XP level 5. HP: 33/36 MP: 6/6
  2968 | D:3      | Noticed Sigmund
  3109 | D:3      | Noticed Natasha
  3112 | D:3      | Killed Natasha
  3543 | D:3      | Reached XP level 6. HP: 33/43 MP: 9/9
  4377 | D:4      | Killed a black bear
  4517 | D:4      | You fall into a shaft and drop 1 floor!
  4539 | D:5      | Identified the +9 hand axe "Glorpo" {vamp, rF+ Str+3 Dex-3}
  4561 | D:5      | Found a sparkling altar of Nemelex Xobeh.
  4610 | D:5      | Noticed a water moccasin
  4611 | D:5      | Reached XP level 7. HP: 40/48 MP: 11/11
  4625 | D:4      | Reached skill level 8 in Stealth
  5050 | D:4      | Found a runed translucent gate.
  5050 | D:4      | Found a runed translucent gate.
  5053 | D:4      | Noticed SirLogeyBear's ghost (amateur HOBe)
  5175 | D:4      | Found a blossoming altar of Fedhas.
  5402 | D:5      | Reached XP level 8. HP: 45/54 MP: 12/14
  6281 | D:3      | Noticed Grinder
  6295 | D:3      | Killed Grinder
  6296 | D:3      | Reached skill level 5 in Fighting
  6766 | D:3      | Killed Sigmund
  6767 | D:3      | Reached skill level 9 in Stealth
  6767 | D:3      | Reached skill level 5 in Spellcasting
  7213 | D:6      | Reached skill level 5 in Dodging
  7250 | D:6      | Reached XP level 9. HP: 48/61 MP: 17/17
  7421 | D:6      | Reached skill level 5 in Axes
  7981 | D:7      | Found Upamucai's Antique Weapon Shoppe.
  8599 | D:7      | Learned a level 1 spell: Apportation
  8910 | D:7      | Reached skill level 10 in Stealth
  8915 | D:7      | Reached skill level 1 in Translocations
  9121 | D:7      | Found a glowing silver altar of Zin.
 10130 | D:8      | Noticed a hornet
 10136 | D:8      | Paralysed by a hornet for 3 turns
 10486 | D:8      | Learned a level 3 spell: Mephitic Cloud
 10523 | D:8      | Reached skill level 1 in Poison Magic
 10553 | D:8      | Shot with an arrow by a centaur

Illustrated notes

Levels and vault maps discovered:
D:1:      amcnicky_arrival_choice, layout_basic, basic_ecumenical_altar,
          kennysheep_nondescript
D:2:      layout_loops_ring
D:3:      layout_rooms, overflow_temple_1_default, bh_walls_and_bars,
          uniq_sigmund, uniq_grinder, uniq_natasha
D:4:      nicolae_cairo_tiling, layout_cave_pools,
          lemuel_coloured_pillars_altar, vehumet_altar_wand_db,
          biasface_ghost_orc_armoury
D:5:      layout_loops_ring, mainiacjoe_overflow_chevrons,
          minmay_temple_entry_tees, kennysheep_small_circle
D:6:      layout_rooms
D:7:      layout_layer_cave, mainiacjoe_overflow_brackets, enter_bailey_2,
          serial_shops, nicolae_shop_statue_plus
D:8:      minmay_thinvault, layout_rooms,
          nicolae_gozag_cash_rules_everything_around_me,
          kennysheep_vampire_church, mainiacjoe_overflow_catwalk_spiral
D:9:      layout_basic, general_overflow_altar, elyvilon_altar_4,
          mainiacjoe_overflow_surrounded_room, erik_orc_2
Temple:   nicolae_temple_bog_church

Skill      XL: |  1  2  3  4  5  6  7  8  9 |
---------------+----------------------------+-----
Stealth        | 7 8 9 10 | 10.3
Spellcasting   | 1 2 3 4 5 6 |  6.5
Dodging        | 3 4 5 |  5.9
Axes           | 3 4 5 |  5.8
Fighting       | 4 5 6 |  6.3
Translocations | 1 |  1.7
Poison Magic   | 1 |  1.0
Conjurations   | |  0.7
Air Magic      | |  0.7

Action                   |  1- 3 |  4- 6 |  7- 9 || total
-------------------------+-------+-------+-------++-------
Melee: Hand axe          |    53 |    91 |   211 ||   355
       Constrict         |    14 |    22 |    42 ||    78
       Tentacles         |    16 |    19 |    43 ||    78
       Punch             |     2 |       |     5 ||     7
       Dagger            |       |       |     3 ||     3
Throw: Throwing net      |     2 |     1 |       ||     3
       Dart              |       |     4 |    39 ||    43
Evoke: Wand              |       |     1 |    15 ||    16
  Use: Scroll            |     4 |     8 |    13 ||    25
       Potion            |     1 |     1 |     9 ||    11
 Stab: Sleeping          |     2 |     9 |    11 ||    22
Armor: Skin              |     6 |     4 |     7 ||    17
Dodge: Dodged            |    40 |    85 |   148 ||   273
